 Dungeon Crawl Stone Soup version 0.28.0-47-ge53b351184 (webtiles) character file.

Game seed: 1597280873031076563

4214 Iusername the Blocker (level 10, -3/91 HPs)
             Began as a Minotaur Fighter on May 6, 2022.
             Was a Follower of the Shining One.
             Slain by a lemure (8 damage)
             ... led by Pikel
             ... on level 7 of the Dungeon.
             The game lasted 00:12:09 (7159 turns).

Iusername the Blocker (Minotaur Fighter)            Turns: 7159, Time: 00:12:10

Health: -3/91      AC:  0    Str: 26    XL:     10   Next: 9%
Magic:  9/9        EV: 13    Int:  5    God:    the Shining One [*.....]
Gold:   334        SH:  0    Dex:  9    Spells: 9/9 levels left

rFire   . . .      SeeInvis .   (weapon currently unavailable)
rCold   . . .      Faith    .   (shield currently unavailable)
rNeg    . . .      Spirit   .   (armour currently unavailable)
rPois   .          Reflect  .   (helmet currently unavailable)
rElec   .          Harm     .   (cloak currently unavailable)
rCorr   .          Rampage  .   (gloves currently unavailable)
Will    .....                   (boots currently unavailable)
Stlth   +.........              i - amulet of the acrobat
HPRegen 0.25/turn               (ring currently unavailable)
MPRegen 0.11/turn               (ring currently unavailable)

@: pig-form, glowing, very quick
A: fast, no casting, small, (horns 2), (retaliatory headbutt)
a: Renounce Religion, Divine Shield


You were on level 7 of the Dungeon.
You worshipped the Shining One.
The Shining One was aware of your devotion.
You were a filthy swine.
You visited 2 branches of the dungeon, and saw 8 of its levels.

You collected 334 gold pieces.

Inventory:

Hand Weapons
 l - the +8 hand axe "Timajim" (melded) {flame, rCorr}
   (You found it on level 2 of the Dungeon)

   It burns those it strikes, dealing additional fire damage.
   Big, fiery blades are also staple armaments of hydra-hunters.
   rCorr:     It protects you from acid and corrosion.
 C - the +6 shortbow "Embalmer" {vorpal, Fly Str+4 Int+2 Dex+4}
   (You found it on level 7 of the Dungeon)

   Any ammunition fired from it inflicts extra damage upon your enemies.
   Str:       It affects your strength (+4).
   Int:       It affects your intelligence (+2).
   Dex:       It affects your dexterity (+4).
   Fly:       It grants you flight.
Missiles
 u - a throwing net (quivered)
Armour
 b - a +0 scale mail
 c - a +0 buckler (melded)
 w - a +1 plate armour (melded)
Jewellery
 h - a ring of flight (melded)
 i - an amulet of the acrobat (around neck)
 x - a ring of fire (melded)
Wands
 d - a wand of acid (7)
 q - a wand of iceblast (8)
 B - a wand of flame (11)
Scrolls
 f - a scroll of fog
 g - 4 scrolls of teleportation
 m - 2 scrolls of enchant weapon
 n - a scroll of fear
 y - a scroll of magic mapping
 A - 2 scrolls of amnesia
Potions
 a - 3 potions of flight {unknown}
 e - 2 potions of resistance {unknown}
 j - 2 potions of lignification {unknown}
 k - 4 potions of curing {unknown}
 o - 2 potions of mutation {unknown}
 p - a potion of cancellation {unknown}
 r - a potion of berserk rage
 s - a potion of attraction {unknown}
 t - a potion of ambrosia {unknown}
 v - a potion of brilliance {unknown}


   Skills:
 + Level 9.5 Fighting
 + Level 9.1 Axes
 + Level 9.5 Armour
 + Level 9.5 Shields


You had 9 spell levels left.
You didn't know any spells.
Your spell library contained the following spells:

 Spells                   Type           Power      Damage    Failure   Level
 Passwall                 Tmut/Erth      0%         N/A       63%         2
 Scorch                   Fire           0%         2d5       63%         2
 Conjure Flame            Conj/Fire      0%         6-21      85%         3
 Frozen Ramparts          Ice            0%         1d2       85%         3
 Gell's Gravitas          Tloc           0%         N/A       85%         3
 Ignite Poison            Fire/Tmut/Pois 0%         N/A       85%         3
 Teleport Other           Tloc           0%         N/A       85%         3
 Animate Armour           Summ/Erth      0%         N/A       99%         4
 Flame Wave               Conj/Fire      0%         2d4       99%         4
 Ice Form                 Ice/Tmut       0%         N/A       99%         4
 Sticky Flame             Conj/Fire      0%         2d3       99%         4
 Summon Ice Beast         Ice/Summ       0%         N/A       99%         4
 Freezing Cloud           Conj/Ice/Air   0%         6-21      100%        5
 Dispersal                Tloc           0%         N/A       100%        6
 Summon Cactus Giant      Summ           0%         N/A       100%        6
 Lehudib's Crystal Spear  Conj/Erth      0%         10d2      100%        8


Dungeon Overview and Level Annotations

Branches:
Dungeon (7/15)             Temple (1/1) D:5

Altars:
Ashenzari
Cheibriados
Dithmenos
Elyvilon
Fedhas
Gozag
Kikubaaqudgha
Makhleb
Nemelex Xobeh
Okawaru
Qazlal
Ru
Sif Muna
Trog
Uskayaw
Wu Jian
Xom
Yredelemnul
Zin
The Shining One

Shops:
D:6 :

Annotations:
D:7 Pikel


Innate Abilities, Weirdness & Mutations

You are a filthy swine.
You move quickly.
Your equipment is almost entirely melded.
You are incapable of wielding weapons or throwing items.
You cannot cast spells.
((You have a pair of horns on your head.))
((You reflexively headbutt those who attack you in melee.))


Message History

The lemure is lightly wounded.
The lemure hits you.
You hit the lemure.
The lemure is moderately wounded.
Pikel hits you with a +2 whip of flaming.
Pikel burns you.
An orc comes into view.
It is wielding a +0 flail and quivering silver boomerangs.
You hit the lemure.
The lemure is moderately wounded.
Pikel closely misses you. The lemure completely misses you.
The lemure hits you.
You hit the lemure.
The lemure is heavily wounded.
Pikel closely misses you. The lemure hits you.
You hit the orc.
The orc is lightly wounded.
Pikel hits you with a +2 whip of flaming!
Pikel burns you. The lemure hits you.
You hit the orc.
The orc is heavily wounded.
The lemure hits you. The orc barely misses you. The lemure hits you.
Pikel barely misses you.
You hit the orc.
You kill the orc!
The lemure closely misses you. The lemure hits you!
You closely miss the lemure.
Pikel hits you with a +2 whip of flaming!
Pikel burns you.
* * * LOW HITPOINT WARNING * * *
The lemure hits you!
* * * LOW HITPOINT WARNING * * *
The lemure hits you.
* * * LOW HITPOINT WARNING * * *
The lemure hits you!
* * * LOW HITPOINT WARNING * * *
The lemure barely misses you.
You hit Pikel.
Pikel is lightly wounded.
Pikel closely misses you. The lemure misses you. The lemure hits you!
You die...

##..#.....##...#รท#.###....
#....##...#..##...# ###
##...###.....####......#
#....# #..[..# ##.###....
#.#..###.#...#####.# ##
#.#..............#.#
#.#................###
............>..55K...#..
.#..............h5.....#
................5#.#....
.#[..............# # #
##...............#
##<.......)....##
#......#.....##
#..########### ##.#
####.######


You could see Pikel and 4 lemures.

Vanquished Creatures
  2 kobold demonologists (D:6)
  A troll (D:5)
  A hornet (D:7)
  Prince Ribbit (D:5)
  Sigmund (D:5)
  The ghost of GilGalad the Poker, an amateur MfFi of Trog (D:4)
  A steam dragon (D:6)
  2 orc warriors
  2 sky beasts (D:5)
  3 necrophages
  4 ogres
  A phantom (D:6)
  A kobold brigand (D:5)
  A bullfrog (D:7)
  2 wyvern zombies (D:5)
  3 scorpions
  A wyvern skeleton (D:7)
  4 killer bees (D:5)
  2 howler monkeys (D:7)
  5 hounds
  3 orc priests
  2 jellies (D:4)
  3 iguanas
  Jessica (D:2)
  Natasha (thrice) (D:3)
  4 orc wizards
  2 hound skeletons
  3 gnolls (D:5)
  10 adders
  2 hound simulacra (D:4)
  A shadow imp (D:7)
  2 white imps
  2 ufetubi
  An adder skeleton (D:5)
  3 worms
  3 adder simulacra (D:4)
  7 dart slugs
  15 orcs
  6 endoplasms
  5 giant cockroaches
  11 goblins
  7 hobgoblins
  3 jackals (D:1)
  19 kobolds
  8 quokkas
  4 ball pythons
  5 bats
  5 frilled lizards
  6 rats
185 creatures vanquished.

Vanquished Creatures (others)
  13 plants (D:2)
13 creatures vanquished.

Grand Total: 198 creatures vanquished

Notes
Turn   | Place    | Note
-------+----------+-------------------------------------------
     0 | D:1      | Iusername the Minotaur Fighter began the quest for the Orb.
     0 | D:1      | Reached XP level 1. HP: 19/19 MP: 0/0
   113 | D:1      | Reached XP level 2. HP: 27/27 MP: 1/1
   282 | D:1      | Reached XP level 3. HP: 33/33 MP: 2/2
   661 | D:2      | Noticed Jessica
   668 | D:2      | Killed Jessica
   669 | D:2      | Reached XP level 4. HP: 41/41 MP: 3/3
  1329 | D:2      | Identified the +8 hand axe "Timajim" {flame, rCorr}
  1962 | D:2      | Got the Papyrus of the Mountains and Lightness
  2182 | D:2      | Found a faded altar of an unknown god.
  2272 | D:3      | Noticed Natasha
  2279 | D:3      | Killed Natasha
  2280 | D:3      | Reached XP level 5. HP: 36/47 MP: 4/4
  2468 | D:3      | Found a sparkling altar of Nemelex Xobeh.
  2543 | D:3      | Noticed Natasha
  2545 | D:3      | Killed Natasha
  2546 | D:3      | Reached skill level 5 in Fighting
  2546 | D:3      | Reached skill level 5 in Shields
  2616 | D:3      | Found an opulent altar of Gozag.
  2621 | D:3      | Reached skill level 5 in Armour
  2694 | D:3      | Noticed Natasha
  2702 | D:3      | Killed Natasha
  2703 | D:3      | Reached XP level 6. HP: 56/56 MP: 5/5
  3012 | D:3      | Found a blossoming altar of Fedhas.
  3171 | D:4      | Reached skill level 5 in Axes
  3171 | D:4      | Reached XP level 7. HP: 62/62 MP: 6/6
  3290 | D:4      | Noticed GilGalad's ghost (amateur MfFi)
  3372 | D:4      | Found a runed translucent gate.
  3376 | D:4      | Found a runed translucent gate.
  3379 | D:4      | Found a runed translucent gate.
  3631 | D:4      | Killed GilGalad's ghost
  3769 | D:5      | Entered Level 5 of the Dungeon
  3781 | D:5      | Noticed a troll
  3792 | D:5      | Killed a troll
  3793 | D:5      | Reached XP level 8. HP: 34/71 MP: 7/7
  3981 | D:5      | Found a staircase to the Ecumenical Temple.
  4001 | Temple   | Entered the Ecumenical Temple
  4009 | Temple   | Became a worshipper of the Shining One
  4064 | D:5      | Noticed Sigmund
  4093 | D:5      | Killed Sigmund
  4380 | D:5      | Noticed Prince Ribbit
  4386 | D:5      | Reached XP level 9. HP: 55/81 MP: 8/8
  4391 | D:5      | Killed Prince Ribbit
  4945 | D:5      | Found an iron altar of Okawaru.
  4945 | D:5      | Found a bloodstained altar of Trog.
  5126 | D:5      | Identified the +1 ring mail of Springtime {Drain rCorr
                  | Int+4 Dex+2}
  5143 | D:6      | Noticed a kobold demonologist
  5144 | D:6      | Noticed a kobold demonologist
  5146 | D:6      | Noticed a hellwing
  5149 | D:6      | Noticed a sixfirhy
  5151 | D:6      | Noticed a hellwing
  5151 | D:6      | Killed a kobold demonologist
  5151 | D:6      | Reached * piety under the Shining One
  5153 | D:6      | Killed a kobold demonologist
  5730 | D:6      | Found Iluocw's Book Boutique.
  6755 | D:7      | Paralysed by a hornet for 2 turns
  6759 | D:7      | Reached XP level 10. HP: 23/91 MP: 9/9
  7073 | D:7      | Identified the +6 shortbow "Embalmer" {vorpal, Fly Str+4
                  | Int+2 Dex+4}
  7146 | D:7      | Noticed Pikel
  7158 | D:7      | HP: 4/91 [lemure[Pikel] (8)]
  7159 | D:7      | Slain by a lemure

Illustrated notes

Levels and vault maps discovered:
D:1:      minmay_arrival_jagged, layout_loops_ring
D:2:      minmay_inner_zag, layout_loops_corners,
          dilly_ecumenical_altar_fadedgnrine, uniq_jessica
D:3:      layout_basic, mainiacjoe_overflow_six_doors_small,
          mainiacjoe_overflow_big_doors, uniq_natasha
D:4:      layout_cave_pools, gammafunk_ghost_icy
D:5:      layout_cave_pools, grunt_temple_overflow_bloody_war,
          minmay_temple_entry_statues_fountains, uniq_prince_ribbit1,
          uniq_sigmund
D:6:      layout_loops_ring, nrook_campfire, kennysheep_diamond,
          grunt_ministairs_12
D:7:      layout_rooms, uniq_pikel
Temple:   nicolae_temple_no_exploring_needed

Skill      XL: |  1  2  3  4  5  6  7  8  9 |
---------------+----------------------------+-----
Armour         | 4 5 6 7 9 |  9.5
Shields        | 4 5 6 8 9 |  9.5
Fighting       | 4 5 6 8 9 |  9.5
Axes           | 3 4 5 6 7 9 |  9.1

Action                   |  1- 3 |  4- 6 |  7- 9 | 10-12 || total
-------------------------+-------+-------+-------+-------++-------
Melee: War axe           |    54 |    82 |       |       ||   136
       Headbutt          |     8 |    18 |    32 |       ||    58
       Hand axe          |       |    60 |   151 |     6 ||   217
       Unarmed           |       |       |       |     9 ||     9
Evoke: Wand              |       |       |     3 |       ||     3
  Use: Scroll            |       |       |     6 |     1 ||     7
       Potion            |       |       |     1 |       ||     1
Armor: Scale mail        |    22 |    49 |     2 |       ||    73
       Plate armour      |       |       |    72 |       ||    72
Dodge: Dodged            |    24 |    67 |    78 |    12 ||   181
Block: Buckler           |    10 |    31 |    43 |     1 ||    85
